 Dungeon Crawl Stone Soup version 0.26.1-11-gd32895ea62 (webtiles) character file.

Game seed: 9757955447537467448

238 Zeld the Skirmisher (level 5, -2/48 HPs)
             Began as a Minotaur Monk on Sept 9, 2021.
             Killed by nerve-wracking pain
             ... invoked by an orc priest
              (9 damage)
             ... on level 3 of the Dungeon.
             The game lasted 00:02:07 (3529 turns).

Zeld the Skirmisher (Minotaur Monk)                 Turns: 3529, Time: 00:02:08

Health: -2/48      AC:  2    Str: 17    XL:     5   Next: 78%
Magic:  4/4        EV: 14    Int:  7    God:
Gold:   137        SH:  0    Dex: 12    Spells: 4/4 levels left

rFire    . . .     SeeInvis .   a - +0 hand axe
rCold    . . .     Faith    .   (no shield)
rNeg     . . .     Spirit   .   b - +0 robe
rPois    .         Reflect  .   (helmet restricted)
rElec    .         Harm     .   (no cloak)
rCorr    .         Rampage  .   (no gloves)
Will     .....                  (no boots)
Stlth    ++........             (no amulet)
HPRegen  0.16/turn              (no ring)
MPRegen  0.09/turn              (no ring)

@: no status effects
A: retaliatory headbutt, horns 2
a: no special abilities


You were on level 3 of the Dungeon.
You visited 1 branch of the dungeon, and saw 3 of its levels.

You collected 137 gold pieces.

Inventory:

Hand Weapons
 a - a +0 hand axe (weapon)
Armour
 b - a +0 robe (worn)
Jewellery
 g - a cursed ring of teleportation {unknown}
Scrolls
 c - a scroll of immolation {unknown}
 e - 4 scrolls of identify {unknown}
 h - 3 scrolls of remove curse {unknown}
 l - a scroll of noise {unknown}
Potions
 d - a potion of invisibility {unknown}
 f - a potion of attraction {unknown}
 i - a potion of lignification {unknown}
 j - a potion of cancellation {unknown}
 k - a potion of berserk rage {unknown}
 m - a potion of heal wounds {unknown}


   Skills:
 * Level 5.5 Fighting
 * Level 5.3 Axes
 + Level 2.5 Armour
 + Level 4.2 Dodging
 - Level 1.5 Stealth


You had 4 spell levels left.
You didn't know any spells.
Your spell library was empty.

Dungeon Overview and Level Annotations

Branches:
Dungeon (3/15)

Altars:
Nemelex Xobeh

Annotations:
D:3 1 transporter, 0gre's ghost, amateur GnIE


Innate Abilities, Weirdness & Mutations

You reflexively headbutt those who attack you in melee.
You have a pair of horns on your head.


Message History

The orc priest is moderately wounded.
Unknown command.
You closely miss the orc priest.
You headbutt the orc priest, but do no damage.
The orc priest is moderately wounded.
The orc priest barely misses you.
Unknown command.
You hit the orc priest.
The orc priest is moderately wounded.
The orc priest miscasts a cantrip.
Unknown command.
You hit the orc priest. You headbutt the orc priest.
The orc priest is heavily wounded.
The orc priest misses you.
Unknown command.
You hit the orc priest.
The orc priest is almost dead.
The orc priest invokes the aid of Beogh against you.
Pain shoots through your body!
You die...

......###.#........#
.#####......######.##
....†...............
.#.###......######.#####
##.# #......# #........
...# #....### #........
#### #....# #........
#....# #o)...... #....#
#@)......
#....######........
#......†...........
###.....#############
........####
#####......#
#.#####..###.#
#.....#.†....#
#####.##.#####


You could see an orc priest.

Vanquished Creatures
  4 orc wizards
  3 gnolls
  2 adders
  A dart slug (D:1)
  2 leopard geckos (D:1)
  12 orcs
  2 giant cockroaches
  6 goblins
  7 hobgoblins
  5 jackals
  8 bats
  5 frilled lizards
  6 kobolds
  7 rats
70 creatures vanquished.

Notes
Turn   | Place    | Note
-------+----------+-------------------------------------------
     0 | D:1      | Zeld the Minotaur Monk began the quest for the Orb.
     0 | D:1      | Reached XP level 1. HP: 19/19 MP: 0/0
   216 | D:1      | Reached XP level 2. HP: 27/27 MP: 1/1
   772 | D:1      | Reached skill level 1 in Armour
   890 | D:1      | Found a sparkling altar of Nemelex Xobeh.
   935 | D:2      | Reached XP level 3. HP: 26/34 MP: 2/2
  2224 | D:2      | Reached XP level 4. HP: 31/41 MP: 3/3
  3173 | D:3      | Reached skill level 5 in Fighting
  3244 | D:3      | Reached XP level 5. HP: 40/48 MP: 4/4
  3249 | D:3      | Reached skill level 5 in Axes
  3474 | D:3      | Found a transporter.
  3474 | D:3      | Noticed 0gre's ghost (amateur GnIE)
  3529 | D:3      | Killed from afar by an orc priest

Illustrated notes

Levels and vault maps discovered:
D:1:      dpeg_arrival_lava_altar, layout_basic
D:2:      layout_basic
D:3:      layout_basic, gammafunk_ghost_stat_death

Skill      XL: |  1  2  3  4  5 |
---------------+----------------+-----
Fighting       | 4 5 |  5.5
Axes           | 4 5 |  5.3
Armour         | 1 2 |  2.5
Dodging        | 4 |  4.2
Stealth        | |  1.5

Action                   |  1- 3 |  4- 6 || total
-------------------------+-------+-------++-------
Melee: Hand axe          |    53 |    87 ||   140
       Headbutt          |     8 |    15 ||    23
 Stab: Sleeping          |     3 |     3 ||     6
Armor: Robe              |     3 |    26 ||    29
Dodge: Dodged            |    55 |    71 ||   126
